 Dungeon Crawl Stone Soup version 0.29.1-12-g30fa7ad0bf (webtiles) character file.

Game seed: 13868290391289606739

6 xian the Shield-Bearer (level 2, -1/24 HPs)
             Began as a Formicid Fighter on Dec 23, 2022.
             Frozen to death by an endoplasm (5 damage)
             ... on level 1 of the Dungeon.
             The game lasted 00:00:35 (113 turns).

xian the Shield-Bearer (Formicid Fighter)            Turns: 113, Time: 00:00:36

Health: -1/24      AC:  9    Str: 20    XL:     2   Next: 0%
Magic:  2/2        EV:  7    Int:  7    God:
Gold:   0          SH:  5    Dex: 13    Spells: 1/1 levels left

rFire   . . .      SeeInvis +   a - +0 flail
rCold   . . .      Faith    .   c - +0 buckler
rNeg    . . .      Spirit   .   f - +0 chain mail
rPois   .          Reflect  .   (helmet unavailable)
rElec   .          Harm     .   (no cloak)
rCorr   .          Rampage  .   (no gloves)
Will    .....                   (no boots)
Stlth   ..........              (no amulet)
HPRegen 0.08/turn               (no ring)
MPRegen 0.08/turn               (no ring)

@: no status effects
A: permanent stasis, dig shafts and tunnels, antennae 3, four strong arms
a: Dig, Shaft Self


You were on level 1 of the Dungeon.
You visited 1 branch of the dungeon, and saw 1 of its levels.

Inventory:

Hand Weapons
 a - a +0 flail (weapon)
Missiles
 e - 3 stones
Armour
 c - a +0 buckler (worn)
 f - a +0 chain mail (worn)
Potions
 d - a potion of might


   Skills:
 + Level 3.5 Fighting
 + Level 2.0 Maces & Flails
 + Level 3.4 Armour
 + Level 4.2 Shields


You had one spell level left.
You didn't know any spells.
Your spell library was empty.

Dungeon Overview and Level Annotations

Branches:
Dungeon (1/15)

Altars:


Innate Abilities, Weirdness & Mutations

You cannot be hasted, slowed, berserked, paralysed or teleported.
You can dig through walls and to a lower floor.
You have a pair of large antennae on your head. (SInv)
Your four strong arms can wield two-handed weapons with a shield.


Message History

You drop a +0 scale mail.
You see here a bat corpse.
An endoplasm, a kobold and a giant cockroach come into view.
The endoplasm quivers.
The kobold shouts!
You hear an angry hiss.
A ball python comes into view.
The endoplasm hits you but does no damage.
You hit the endoplasm.
The endoplasm is heavily wounded.
The endoplasm barely misses you.
The kobold throws a stone.
The stone barely misses you. The endoplasm freezes you.
You are frozen.
You see here a bat corpse.
You hit the endoplasm.
The endoplasm is almost dead.
The endoplasm freezes you.
You are frozen.
The kobold hits you with a +0 whip. The endoplasm freezes you.
You are frozen.
* * * LOW HITPOINT WARNING * * *
The kobold attacks as you move away! The kobold barely misses you.
You closely miss the kobold. The kobold barely misses you.
You block the endoplasm's attack.
You thump the kobold!
You kill the kobold!
The giant cockroach waves its antennae.
The endoplasm freezes you.
You are frozen.
* * * LOW HITPOINT WARNING * * *
The ball python bites you but does no damage.
The ball python grabs you. The ball python constricts you.
* * * LOW HITPOINT WARNING * * *
You have reached level 2!
You thump the ball python!
You kill the ball python!
The endoplasm closely misses you. The endoplasm freezes you.
You are frozen.
You die...

#.##............
#########
#.####.........#
........# #.#
#.........#
........# #.#
#...8.8...#
........# #.#
####.<.####
........####.#
#####
........#.[..#
........#J#..#
......?..B@.##
...).....##.#######
.........#.[.......
........##.........
#####..............
#..............
...##########.#
.#.. . .


You could see an endoplasm and a giant cockroach.

Vanquished Creatures
  A ball python (D:1)
  2 giant cockroaches (D:1)
  A goblin (D:1)
  A bat (D:1)
  2 kobolds (D:1)
7 creatures vanquished.

Notes
Turn   | Place    | Note
-------+----------+-------------------------------------------
     0 | D:1      | xian the Formicid Fighter began the quest for the Orb.
     0 | D:1      | Reached XP level 1. HP: 18/18 MP: 1/1
   113 | D:1      | Reached XP level 2. HP: 4/24 MP: 2/2
   113 | D:1      | Frozen to death by an endoplasm

Illustrated notes

Levels and vault maps discovered:
D:1:      mrwooster_arrival_statue, layout_rooms

Action                   || total
-------------------------++-------
Melee: Flail             ||    22
Armor: Scale mail        ||    11
       Chain mail        ||     2
Dodge: Dodged            ||    14
Block: Buckler           ||     7
